[Event "Live Chess"]
[Site "Chess.com"]
[Date "2023.05.21"]
[Round "-"]
[White "ramses-IIG"]
[Black "mirandaasilva"]
[Result "0-1"]
[WhiteElo "870"]
[BlackElo "1689"]
[TimeControl "300"]
[EndTime "21:03:44 PDT"]
[Termination "mirandaasilva won by resignation"]

1. e4 c6 2. Nf3 d5 3. e5 Bf5 4. d4 e6 5. c3 c5 6. Qb3 cxd4 7. Qxb7 Nd7 8. cxd4 Rc8 9. Bg5 Qa5+ 10. Nfd2 Rb8 11. Qc6 Ne7 12. Qc2 Bxc2 0-1

[Event "Live Chess"]
[Site "Chess.com"]
[Date "2023.05.21"]
[Round "-"]
[White "KeithArkell"]
[Black "yarek"]
[Result "1-0"]
[WhiteElo "2556"]
[BlackElo "1874"]
[TimeControl "300"]
[EndTime "21:04:18 PDT"]
[Termination "KeithArkell won by resignation"]

1. d4 g6 2. Nf3 Bg7 3. c4 c6 4.
Nc3 d5 5. cxd5 cxd5 6. g3 e6 7. Bg2 Nf6 8. O-O O-O 9. Ne5 Nc6 10. Nxc6 bxc6 11. Bf4 Qb6 12. Na4 Qb4 13. Be5 Ba6 14. b3 Nd7 15. Bxg7 Kxg7 16. Rc1 Rac8 17. Nc5 Nxc5 18.
Rxc5 e5 19. Qc2 Qxd4 20. Rc1 e4 21. e3 Qd3 22. Bf1 Qxc2 23. R1xc2 Bxf1 24. Kxf1 Rfd8 25. Rxc6 Rxc6 26. Rxc6 Rd7 27. Ra6 g5 28. g4 f6 29.
Kg2 Kg6 30. Kg3 h5 31. h4 gxh4+ 32. Kxh4 hxg4 33. Kxg4 Rc7 34. Ra5 f5+ 35. Kf4 Rc2 36.
Ra6+ Kh5 37. Kxf5 Rxf2+ 38. Ke5 Rf3 39. Rxa7 Rxe3 40. Kxd5 Re1 41. Rg7 e3 42. Kd4 e2 43.
Kd3 Ra1 44. Kxe2 Rxa2+ 45. Kd3 Ra3 46. Kc4 Kh6 47. Rg1 1-0

[Event "Live Chess"]
[Site "Chess.com"]
[Date "2023.05.21"]
[Round "-"]
[White "ViktorTheCoolBoy"]
[Black "Tushinskiy"]
[Result "1-0"]
[WhiteElo "2494"]
[BlackElo "2210"]
[TimeControl "300"]
[EndTime "21:04:56 PDT"]
[Termination "ViktorTheCoolBoy won by resignation"]

1. e4 e5 2. Nf3 d6 3. Bc4 Bg4 4. Nc3 Nf6 5. O-O Nbd7 6. h3 Bh5 7. Be2 Be7 8. d4 c6 9. Be3 Qc7 10. Qd2 O-O 11. Rad1 Rfd8 12. Qc1 a6 13. Rfe1 b5 14. a3 Rac8 15. Nh4 Bg6 16. Nxg6 hxg6 17. Qb1 c5 18. dxe5 dxe5 19. Nd5 Nxd5 20. exd5 c4 21. c3 Nf6 22. a4 Nxd5 23. axb5 axb5 24. Qe4 f5 25. Qxd5+ Rxd5 26. Rxd5 Rd8 27. Red1 Rxd5 28. Rxd5 Kh7 29. g4 f4 30. Bc1 b4 31. Bf3 bxc3 32.
bxc3 Bf6 33. Be4 Qa7 34. Kg2 Qa1 35. Bd2 Qb2 36. Rd6 Qb8 37. Rd5 Qc8 38. Kf3 Qa6 39. h4 Bxh4 40. Rxe5 Qa2 41. Rd5 Qa1 42. Bxf4 Qxc3+ 43. Kg2 Bf6 44. Bd6 Qe1 45. Rh5+ Kg8 46. Bd5+ 1-0

[Event "Live Chess"]
[Site "Chess.com"]
[Date "2023.05.21"]
[Round "-"]
[White "chessfiction"]
[Black "Biranidun"]
[Result "1/2-1/2"]
[WhiteElo "2353"]
[BlackElo "2522"]
[TimeControl "300"]
[EndTime "21:05:43 PDT"]
[Termination "Game drawn - insufficient material"]

1. e4 c5 2. Nf3 d6 3. d4 cxd4 4. Nxd4 Nf6 5. Nc3 g6 6. f4 Nc6 7. Bb5 Bd7 8. Be3 Bg7 9. O-O Ng4 10. Bxc6 bxc6 11. Qf3 Nxe3 12. Qxe3 Qb6 13. e5 O-O 14. Na4 Qa5 15. Nc3 dxe5 16. Nb3 Qb6 17. Rae1 exf4 18. Qxb6 axb6 19. Rxe7 Bf5 20. Rxf4 Bxc2 21. Nd4 Bxd4+ 22. Rxd4 Bf5 23. Rc7 Rfc8 24. Rxc8+ Rxc8 25. a4 Kf8 26. g4 Be6 27. Ne4 Ke7 28. g5 Rd8 29. Rxd8 Kxd8 30. Nf6 Bb3 31. Nxh7 Bxa4 32. Nf6 Ke7 33. Kf2 Ke6 34. h4 Kf5 35. Ke3 c5 36. Nd5 b5 37.
Nc3 Kg4 38. Ne4 c4 39. Nd6 Kxh4 40. Nxf7 Bb3 41. Nd6 b4 42. Ne4 Bc2 43. Nd2 c3 44. bxc3 bxc3 45. Nf3+ Kg3 46. Nd4 Bb1 47. Ne2+ Kg4 48. Nxc3 Bf5 49. Kf2 Kxg5 50. Kg3 Kf6 51. Nd1 Ke5 52. Ne3 Be6 53. Ng2 g5 54. Ne1 Ke4 55. Nf3 Kf5 56. Nxg5 1/2-1/2

[Event "Live Chess"]
[Site "Chess.com"]
[Date "2023.05.21"]
[Round "-"]
[White "ExIsambard"]
[Black "matt1979"]
[Result "1-0"]
[WhiteElo "1926"]
[BlackElo "1501"]
[TimeControl "300"]
[EndTime "21:07:34 PDT"]
[Termination "ExIsambard won by resignation"]

1. d4 e6 2. Nf3 f5 3. Bg5 Nf6 4. e3 Be7 5. Bd3 O-O 6. h4 h6 7. Nbd2 d6 8. Bxf6 Bxf6 9. h5 b6 10. c3 Bb7 11. Qb3 Qe8 12. Bxf5 d5 13. Bg6 Qe7 14. O-O-O Nc6 15. e4 Na5 16. Qc2 c5 17. e5 Bg5 18. Kb1 cxd4 19. Nxd4 Bxd2 20. Qxd2 Nc4 21.
Qe2 a5 22. g3 a4 23. f4 a3 24. b3 Na5 25. Bc2 Nc6 26. Nb5 Ba6 27. Bd3 Na7 28.
Nd6 Bxd3+ 29. Qxd3 Nc6 30. Rhg1 Rfd8 31. Rdf1 Na7 32.
g4 Nc8 33. Nb5 Na7 34. Nd4 Rac8 35. g5 Kh8 36. gxh6 gxh6 37. Rg6 Qh7 38. Nxe6 Re8 39. Nd4 Nc6 40. Nf5 Rg8 41. Rfg1 Rxg6 42. hxg6 1-0

[Event "Live Chess"]
[Site "Chess.com"]
[Date "2023.05.21"]
[Round "-"]
[White "Bob2pen"]
[Black "Doge_Dandolo"]
[Result "1/2-1/2"]
[WhiteElo "1826"]
[BlackElo "1922"]
[TimeControl "300"]
[EndTime "21:09:31 PDT"]
[Termination "Game drawn by repetition"]

1. c4 Nf6 2. g3 c6 3. Bg2 d5 4. Nf3 Bf5 5. O-O e6 6. b3 Bd6 7.
Bb2 O-O 8. d3 Nbd7 9. Nbd2 Bg6 10. Re1 Re8 11. e4 Bc5 12. d4 Bf8 13. e5 Ne4 14. Nh4 Nxd2 15. Qxd2 f6 16. Nxg6 hxg6 17. Qc2 f5 18. f4 Bb4 19. Rf1 Qe7 20. a3 Ba5 21. b4 Bc7 22. cxd5 exd5 23. Bxd5+ cxd5 24. Qxc7 Rab8 25. Rac1 Nb6 26. Qc2 Nc4 27. Qb3 Qe6 28. a4 Re7 29. b5 Rc7 30. Ba3 Rbc8 31. Qb4 Qb6 32. Bb2 Kf7 33. Rfe1 Ke6 34. Kg2 a5 35.
Qb3 Nxb2 36. Qxb2 Rxc1 37. Rxc1 Rxc1 38. Qxc1 Qxd4 39. Qc8+ Ke7 40. Qc7+ Kf8 41. Qd8+ Kf7 42. Qd7+ Kg8 43. Qxb7 Qe4+ 44. Kf2 Qc2+ 45. Kf3 Qd1+ 46. Kf2 Qc2+ 47. Kg1 Qc5+ 48. Kg2 Qc2+ 49. Kg1 Qd1+ 50. Kg2 Qe2+ 51. Kg1 Qe1+ 52. Kg2 Qe2+ 53. Kg1 Qe1+ 54. Kg2 Qe2+ 1/2-1/2

[Event "Live Chess"]
[Site "Chess.com"]
[Date "2023.05.21"]
[Round "-"]
[White "Tushinskiy"]
[Black "yarek"]
[Result "1-0"]
[WhiteElo "2212"]
[BlackElo "1872"]
[TimeControl "300"]
[EndTime "21:10:25 PDT"]
[Termination "Tushinskiy won by resignation"]

1. d4 g6 2. c3 Bg7 3. Nf3 c6 4. Bf4 d5 5. Nbd2 Nd7 6. Bg3 c5 7. e3 b6 8. Bb5 Nf6 9. Ne5 O-O 10.
Nc6 Qe8 11. Nf3 a6 12. Be2 Bb7 13. Nce5 Ne4 14. Nxd7 Qxd7 15. O-O Nxg3 16. hxg3 Rac8 17. Qb3 Qd6 18. Rad1 c4 19. Qc2 Bc6 20. Rfe1 Bd7 21. e4 dxe4 22. Qxe4 Bf5 23. Qe3 b5 24. Bf1 e6 25.
Nh2 h5 26. Nf3 Bg4 27. Be2 Bxf3 28. Bxf3 Rfe8 29. Re2 a5 30. Rde1 b4 31. Qg5 Kh8 32.
Qxa5 bxc3 33. bxc3 Ra8 34. Bxa8 1-0

[Event "Live Chess"]
[Site "Chess.com"]
[Date "2023.05.21"]
[Round "-"]
[White "KeithArkell"]
[Black "Pablo_dmp"]
[Result "1-0"]
[WhiteElo "2556"]
[BlackElo "1844"]
[TimeControl "300"]
[EndTime "21:10:45 PDT"]
[Termination "KeithArkell won by resignation"]

1. d4 c5 2. d5 d6 3. Nc3 e5 4. dxe6 Bxe6 5. e4 Nc6 6. Nf3 g6 7. Ng5 Bg7 8. Nxe6 fxe6 9. Bc4 Nd4 10. Be3 Qe7 11. Nb5 Nxb5 12. Bxb5+ Kf7 13. c3 a6 14. Be2 Nf6 15. e5 Nd5 16. exd6 Nxe3 17. dxe7 Nxd1 18. Rxd1 Kxe7 19. O-O Rad8 20. Bf3 b6 21.
Bb7 a5 22. Ba6 Rd5 23. Bc4 Rxd1 24. Rxd1 Rd8 25. Rxd8 Kxd8 26. Bxe6 Kc7 27. a4 Kd6 28. Bg8 h6 29. Kf1 Ke5 30. Ke2 Ke4 31. Bh7 Kf5 32. Kd3 Kf6 33. Kc4 g5 34. Kb5 1-0

[Event "Live Chess"]
[Site "Chess.com"]
[Date "2023.05.21"]
[Round "-"]
[White "Conradical12"]
[Black "Long1968"]
[Result "1-0"]
[WhiteElo "1645"]
[BlackElo "1061"]
[TimeControl "300"]
[EndTime "21:11:03 PDT"]
[Termination "Conradical12 won on time"]

1. e4 e6 2. Nf3 d5 3. exd5 exd5 4.
d4 Nf6 5. Nc3 Bg4 6. Be2 Be7 7.
O-O O-O 8. Re1 c6 9. Ne5 Be6 10. Bg5 Nbd7 11. Bd3 c5 12. dxc5 Bxc5 13. Nxd7 Bxd7 14.
Nxd5 Bxf2+ 15. Kxf2 Ng4+ 16. Kg1 Qxg5 17. Qf3 Ne5 18.
Qe4 Nxd3 19. Ne7+ Kh8 20. Qxd3 Rad8 21. Qe2 Rfe8 22. Rad1 Bc6 23. Rxd8 1-0

[Event "Live Chess"]
[Site "Chess.com"]
[Date "2023.05.21"]
[Round "-"]
[White "BostonStrangler"]
[Black "mirandaasilva"]
[Result "1-0"]
[WhiteElo "2071"]
[BlackElo "1687"]
[TimeControl "300"]
[EndTime "21:11:34 PDT"]
[Termination "BostonStrangler won by resignation"]

1. Nf3 g6 2. d4 Nf6 3. c4 Bg7 4. Nc3 d5 5. cxd5 Nxd5 6. e4 Nxc3 7. bxc3 c5 8. Be3 Qa5 9. Qd2 O-O 10. Bc4 Bg4 11. Rb1 Bxf3 12. gxf3 cxd4 13. cxd4 Qxd2+ 14. Kxd2 Rc8 15. Bd5 Nc6 16. Rxb7 Nxd4 17. Bxd4 Bxd4 18. Rxe7 Rab8 19. Rxf7 Kh8 20. Bb7 Rc5 21. Rc1 Rb5 22. Rcc7 h5 23. Rh7+ Kg8 24. Bd5+ Kf8 25. Kd3 Be5 26.
Rcf7+ Ke8 27. Re7+ 1-0

[Event "Live Chess"]
[Site "Chess.com"]
[Date "2023.05.21"]
[Round "-"]
[White "raminguy"]
[Black "LutherSullivan"]
[Result "1-0"]
[WhiteElo "1950"]
[BlackElo "2194"]
[TimeControl "300"]
[EndTime "21:13:08 PDT"]
[Termination "raminguy won on time"]

1. d4 Nf6 2. Nc3 d6 3. Bf4 Nbd7 4. Nf3 Nh5 5. Bg5 h6 6. Bh4 g5 7. Bg3 Bg7 8. e3 c6 9. Bd3 O-O 10. Nxg5 Ndf6 11. Nh7 Re8 12. Nxf6+ Nxf6 13. O-O b5 14. Ne4 e5 15. dxe5 dxe5 16. Nxf6+ Qxf6 17. Be4 Bf5 18.
Bxf5 Qxf5 19. c3 Rad8 20. Qe2 Rd6 21. Rfd1 Red8 22. Rxd6 Rxd6 23. Rd1 Qd7 24. Rxd6 Qxd6 25. h3 Qd5 26. Qg4 e4 27. Bh4 Kh7 28. Kh2 f5 29.
Qh5 Qe6 30. a3 a5 31. Bg3 a4 32. Bf4 c5 33. g4 fxg4 34. hxg4 b4 35. axb4 cxb4 36. Qa5 a3 37. Qxb4 a2 38. Qa4 Kh8 39. c4 Qxg4 40. Qa8+ Kh7 41. Qxa2 Qh4+ 42. Kg2 Qg4+ 43.
Bg3 Qf3+ 44. Kh2 Qh5+ 45. Kg1 Qd1+ 46. Kg2 Qf3+ 47. Kh2 Be5 48. Qa7+ Kg6 49. Qb6+ Kf5 50. Bxe5 Qxf2+ 51. Kh3 Qf1+ 52. Kh4 Qh1+ 53. Kg3 1-0

[Event "Live Chess"]
[Site "Chess.com"]
[Date "2023.05.21"]
[Round "-"]
[White "matt1979"]
[Black "Conradical12"]
[Result "0-1"]
[WhiteElo "1494"]
[BlackElo "1650"]
[TimeControl "300"]
[EndTime "21:13:20 PDT"]
[Termination "Conradical12 won by resignation"]

1. f4 Nc6 2. Nf3 e6 3. e3 h5 4.
Bb5 Nge7 5. O-O h4 6. h3 b6 7. Qe1 Nf5 8. Nh2 Ng3 9. Rf3 Bb7 10. e4 Nd4 11. Be2 Ndxe2+ 0-1

[Event "Live Chess"]
[Site "Chess.com"]
[Date "2023.05.21"]
[Round "-"]
[White "Bob2pen"]
[Black "Tushinskiy"]
[Result "0-1"]
[WhiteElo "1827"]
[BlackElo "2214"]
[TimeControl "300"]
[EndTime "21:13:38 PDT"]
[Termination "Tushinskiy won by resignation"]

1. c4 c5 2. g3 d6 3. Bg2 Nc6 4. Nf3 Nf6 5. O-O g6 6. Nc3 Bg7 7. d3 O-O 8. Rb1 Bg4 9. a3 a5 10. h3 Bd7 11. Kh2 Rb8 12. Nb5 Re8 13. e3 e5 14. d4 cxd4 15. exd4 e4 16. Ng5 Bf5 17. Be3 h6 18. g4 Bxg4 19. hxg4 hxg5 20. Bxg5 d5 21. c5 b6 22. Nd6 bxc5 23. Nxe8 Qxe8 24. dxc5 Qe5+ 25. Kg1 Qxg5 26. b4 axb4 27. axb4 Nxg4 0-1

[Event "Live Chess"]
[Site "Chess.com"]
[Date "2023.05.21"]
[Round "-"]
[White "Biranidun"]
[Black "ViktorTheCoolBoy"]
[Result "1-0"]
[WhiteElo "2533"]
[BlackElo "2487"]
[TimeControl "300"]
[EndTime "21:13:56 PDT"]
[Termination "Biranidun won by resignation"]

1. e4 c6 2. d4 d5 3. e5 c5 4.
dxc5 e6 5. a3 Bxc5 6. Nf3 Ne7 7.
b4 Bb6 8. Bb2 Ng6 9. Bd3 a5 10.
Nbd2 O-O 11. h4 Nf4 12. Bf1 axb4 13. g3 Ng6 14. h5 Ne7 15. axb4 Rxa1 16. Qxa1 Nbc6 17.
Qa3 h6 18. Bd3 Bd7 19. g4 Qa8 20. b5 Qxa3 21. Bxa3 Ra8 22. Nb1 d4 23. bxc6 Bxc6 24. Bxe7 Bxf3 25. O-O Bxg4 26. Nd2 Bxh5 27. Rb1 Ba5 28.
Nc4 Bc3 29. Kg2 Bg6 30. Bxg6 fxg6 31. Rxb7 Ra2 32. Nd6 Rxc2 33. Bf6 gxf6 34. exf6 Rb2 35. Rg7+ Kf8 36. Rh7 Kg8 37. f7+ Kxh7 38. f8=Q d3 39. Qe7+ Bg7 40. Ne8 1-0

[Event "Live Chess"]
[Site "Chess.com"]
[Date "2023.05.21"]
[Round "-"]
[White "Bakunian2022"]
[Black "chessfiction"]
[Result "0-1"]
[WhiteElo "761"]
[BlackElo "2353"]
[TimeControl "300"]
[EndTime "21:14:14 PDT"]
[Termination "chessfiction won by resignation"]

1. e4 e5 2. Nf3 Nc6 3. Bc4 Nf6 4. d3 Bc5 5. c3 d6 6. a4 Bg4 7. b4 d5 8. exd5 e4 9. dxe4 Ne5 10. Be2 Bxf3 11.
Bxf3 Bd6 12. O-O h5 13. Bg5 Qd7 14. Bxf6 gxf6 15. Nd2 O-O-O 16. a5 Rdg8 17. g3 h4 18. Bg2 hxg3 19. fxg3 Ng4 20. Nf3 Nxh2 21. Nxh2 Bxg3 22. Ng4 Rxg4 23. Rxf6 Be5 24. Rf5 Bh2+ 25. Kf1 Rhg8 26. Ra2 Qd6 27. Qf3 Qa6+ 28. Ke1 Qc4 29. Rxf7 Bf4 30.
Bh3 Qxa2 31. Bxg4+ Kb8 32. Qxf4 Qa1+ 33. Kf2 Qb2+ 34. Kf3 Qxc3+ 35. Qe3 Qxb4 36. Rf8+ Qxf8+ 37. Ke2 Rxg4 0-1

[Event "Live Chess"]
[Site "Chess.com"]
[Date "2023.05.21"]
[Round "-"]
[White "yarek"]
[Black "KeithArkell"]
[Result "0-1"]
[WhiteElo "1872"]
[BlackElo "2556"]
[TimeControl "300"]
[EndTime "21:14:54 PDT"]
[Termination "KeithArkell won by checkmate"]

1. e4 c6 2. d4 d5 3. exd5 cxd5 4. Bd3 Nf6 5. c3 Nc6 6. Bf4 Bg4 7. Nf3 e6 8. Nbd2 Bd6 9. Bxd6 Qxd6 10. h3 Bxf3 11.
Nxf3 O-O 12. O-O Rab8 13. a4 Rfc8 14. Re1 Qc7 15. Ne5 Nxe5 16. dxe5 Nd7 17. Qh5 g6 18.
Qg5 Qd8 19. Qg3 Nc5 20. Bc2 a5 21. h4 b5 22. h5 Kg7 23. hxg6 hxg6 24. b3 bxa4 25. bxa4 Rb2 26. Bd1 Qe7 27. f4 Rh8 28. Bg4 Qh4 29. Re3 Qh1# 0-1

[Event "Live Chess"]
[Site "Chess.com"]
[Date "2023.05.21"]
[Round "-"]
[White "BostonStrangler"]
[Black "tpm07"]
[Result "0-1"]
[WhiteElo "2059"]
[BlackElo "1955"]
[TimeControl "300"]
[EndTime "21:17:16 PDT"]
[Termination "tpm07 won by resignation"]

1. Nf3 d5 2. c4 d4 3. g3 f6 4. Bg2 e5 5. e3 Nc6 6. O-O Be6 7. d3 Qd7 8. exd4 exd4 9. Re1 O-O-O 10. a3 Bh3 11.
Bh1 h5 12. b4 h4 13. b5 Ne5 14. Nxe5 fxe5 15. Qf3 c6 16. bxc6 bxc6 17. Rxe5 Bd6 18.
Re4 hxg3 19. hxg3 Nf6 20. Rxd4 Bg4 21. Qxc6+ Qxc6 22. Bxc6 Be5 23. Rxd8+ Rxd8 24. Ra2 Rxd3 25. Rd2 Rb3 0-1

[Event "Live Chess"]
[Site "Chess.com"]
[Date "2023.05.21"]
[Round "-"]
[White "Conradical12"]
[Black "LutherSullivan"]
[Result "0-1"]
[WhiteElo "1649"]
[BlackElo "2195"]
[TimeControl "300"]
[EndTime "21:17:39 PDT"]
[Termination "LutherSullivan won by resignation"]

1. e4 c5 2. Nf3 Nc6 3. Bc4 e6 4. O-O d5 5. exd5 exd5 6. Re1+ Be6 7. Bb5 Be7 8. Bxc6+ bxc6 9. d4 Nf6 10. Ne5 Qc7 11. Bf4 Qb6 12. Qe2 cxd4 13. Nxf7 Ne4 14. Nxh8 d3 15.
cxd3 Bg4 16. Qe3 Bc5 17. Qxe4+ dxe4 18. Rxe4+ Kf8 19. Nc3 Qxb2 20. Rae1 Bxf2+ 21. Kf1 Bxe1 22. Rxe1 Qxc3 23. Bd6+ Kg8 0-1

[Event "Live Chess"]
[Site "Chess.com"]
[Date "2023.05.21"]
[Round "-"]
[White "raminguy"]
[Black "matt1979"]
[Result "1-0"]
[WhiteElo "1951"]
[BlackElo "1493"]
[TimeControl "300"]
[EndTime "21:17:44 PDT"]
[Termination "raminguy won by resignation"]

1. d4 e6 2. Nc3 Bb4 3. Bf4 f5 4. e3 Nf6 5. Bd3 O-O 6. Nf3 d6 7. O-O Bxc3 8. bxc3 Ne4 9. Bxe4 fxe4 10. Nd2 d5 11. c4 c6 12. cxd5 exd5 13. c4 Be6 14.
Qb3 Qd7 15. cxd5 cxd5 16. Rac1 Na6 17. Be5 Rac8 18. Rfd1 Rxc1 19. Rxc1 Rc8 20. Rxc8+ Qxc8 21. h3 Qc1+ 22. Nf1 Qc6 23. Qa3 Qd7 24. Ng3 Nc7 25. Qxa7 Nb5 26. Qb8+ Kf7 27. Nh5 g6 28. Nf4 Bf5 29.
Qh8 Qe6 30. Nxe6 1-0

[Event "Live Chess"]
[Site "Chess.com"]
[Date "2023.05.21"]
[Round "-"]
[White "chessfiction"]
[Black "ViktorTheCoolBoy"]
[Result "1-0"]
[WhiteElo "2364"]
[BlackElo "2476"]
[TimeControl "300"]
[EndTime "21:18:22 PDT"]
[Termination "chessfiction won by resignation"]

1. e4 c5 2. d4 cxd4 3. c3 e5 4.
Nf3 Nc6 5. Bc4 Nf6 6. Ng5 d5 7.
exd5 Na5 8. Bb5+ Bd7 9. a4 Bxb5 10. axb5 Nc4 11. O-O Qxd5 12. cxd4 exd4 13. Qe2+ Be7 14. Re1 O-O 15. Qxe7 Rfe8 16. Qb4 Rxe1+ 17. Qxe1 Re8 18. Qf1 d3 19. Nc3 Qf5 20. Nf3 Rd8 21. Be3 d2 22. Qxc4 Qc2 23. Rd1 1-0

[Event "Live Chess"]
[Site "Chess.com"]
[Date "2023.05.21"]
[Round "-"]
[White "KeithArkell"]
[Black "Bakunian2022"]
[Result "1-0"]
[WhiteElo "2556"]
[BlackElo "761"]
[TimeControl "300"]
[EndTime "21:18:50 PDT"]
[Termination "KeithArkell won by checkmate"]

1. d4 d5 2. Nf3 Bg4 3. c4 c6 4.
Ne5 e6 5. Nxg4 Nd7 6. cxd5 cxd5 7. Ne5 Ngf6 8. Bg5 Be7 9. e3 O-O 10. Nc3 h6 11. Nxd7 Qxd7 12. Bxf6 Bxf6 13. Bb5 Qc7 14. O-O Rad8 15. Rc1 Qb8 16. Bd3 e5 17. dxe5 Bxe5 18. g3 d4 19. exd4 Rxd4 20. Qc2 h5 21. Rfd1 h4 22. Bh7+ Kh8 23. Rxd4 hxg3 24. Rh4 gxh2+ 25.
Kh1 g6 26. Bxg6+ Kg7 27. Rh7+ Kf6 28. Nd5+ Ke6 29. Bf5+ Kxd5 30. Qc5# 1-0

[Event "Live Chess"]
[Site "Chess.com"]
[Date "2023.05.21"]
[Round "-"]
[White "ExIsambard"]
[Black "Doge_Dandolo"]
[Result "0-1"]
[WhiteElo "1918"]
[BlackElo "1930"]
[TimeControl "300"]
[EndTime "21:19:26 PDT"]
[Termination "Doge_Dandolo won on time"]

1. d4 d5 2. Bg5 c6 3. e3 Qb6 4. b3 Bf5 5. Nf3 e6 6. Nh4 Bg6 7. Nxg6 hxg6 8. Bd3 Nf6 9. Nd2 Nbd7 10. Qe2 Bd6 11. h4 Qa5 12. O-O O-O 13. c4 dxc4 14.
Nxc4 Qc7 15. Nxd6 Qxd6 16. Bf4 Qd5 17. Bg5 e5 18. Bc4 Qd6 19. Rad1 Rfe8 20. Bxf6 Nxf6 21. dxe5 Qxe5 22. Qf3 Rad8 23. a4 b5 24. axb5 cxb5 25. Rxd8 Rxd8 26. Be2 a5 27. Qb7 a4 28. bxa4 bxa4 29. Bc4 Qe8 30. Ra1 Rb8 31. Bxf7+ Kf8 32. Bxe8 Rxb7 33. Bxg6 Ra7 34. Ra3 Nd5 35. Bc2 Nb6 36.
Kf1 Ke7 37. Ke2 Kd6 38. Kd3 Kc5 39. Rc3+ Kb4 40. Rc6 Kb5 41. Bxa4+ Nxa4 42. Rg6 Kc5 43. Ke4 Nc3+ 44. Kf4 Kd5 45. g4 Ne4 46. f3 Nd2 47. e4+ Kd4 48. Rd6+ Kc3 49. e5 Ra4+ 50. Ke3 Nc4+ 51.
Kf2 Nxd6 52. exd6 Rd4 53. d7 Rxd7 54. Ke3 Re7+ 55. Kf4 Kd4 56. Kg5 Ke3 57. f4 Kf3 58. f5 Re4 59. f6 Rxg4+ 60. Kf5 gxf6 61. h5 Rh4 62. Kxf6 Rxh5 63. Kg6 Rb5 64. Kf6 Ke4 65. Ke6 Rb6+ 66. Kd7 Kd5 67. Kc7 Rh6 68. Kd7 Rh7+ 69.
Ke8 Ke6 70. Kf8 Kf6 71. Ke8 Rg7 0-1

[Event "Live Chess"]
[Site "Chess.com"]
[Date "2023.05.21"]
[Round "-"]
[White "Long1968"]
[Black "mirandaasilva"]
[Result "0-1"]
[WhiteElo "1060"]
[BlackElo "1687"]
[TimeControl "300"]
[EndTime "21:20:02 PDT"]
[Termination "mirandaasilva won on time"]

1. e4 e6 2. d4 d5 3. Nc3 dxe4 4. Nxe4 Bd7 5. Bd3 Nf6 6. Qe2 Bc6 7. Bg5 Nbd7 8. Nf3 Be7 9. Nxf6+ Nxf6 10. c3 h6 11. Bh4 Nh5 12. Bg3 Nxg3 13. hxg3 Bf6 14. O-O-O Qd5 15.
c4 Qa5 16. b3 O-O-O 17. Qb2 Bxf3 18. gxf3 Rxd4 19. b4 Rxc4+ 20. Bxc4 Bxb2+ 21. Kxb2 Qxb4+ 22. Bb3 a5 0-1

[Event "Live Chess"]
[Site "Chess.com"]
[Date "2023.05.21"]
[Round "-"]
[White "raminguy"]
[Black "ViktorTheCoolBoy"]
[Result "0-1"]
[WhiteElo "1950"]
[BlackElo "2477"]
[TimeControl "300"]
[EndTime "21:20:28 PDT"]
[Termination "ViktorTheCoolBoy won by resignation"]

1. d4 e6 2. c4 Bb4+ 3. Bd2 Bxd2+ 4. Nxd2 Nf6 5. Ngf3 d6 6. e4 O-O 7.
Bd3 e5 8. O-O Nc6 9. d5 Ne7 10.
Ne1 Ng6 11. g3 Bh3 12. Ng2 h5 13. f4 Ng4 14. Qf3 exf4 15. gxf4 Bxg2 16. Kxg2 Nh4+ 0-1

[Event "Live Chess"]
[Site "Chess.com"]
[Date "2023.05.21"]
[Round "-"]
[White "yarek"]
[Black "Ayush_prahlad_Gupta"]
[Result "0-1"]
[WhiteElo "1862"]
[BlackElo "1774"]
[TimeControl "300"]
[EndTime "21:20:53 PDT"]
[Termination "Ayush_prahlad_Gupta won by resignation"]

1. e4 e5 2. Nf3 Nc6 3. Bc4 Bc5 4. c3 d6 5. d4 exd4 6. cxd4 Bb6 7. h3 Nf6 8. Nc3 O-O 9. O-O Na5 10. Bd3 c5 11. d5 c4 12. Bc2 Bc5 13. Na4 b5 14. Nxc5 dxc5 15. Bg5 Qb6 16. e5 Nd7 17. Be7 Re8 18.
Bxh7+ Kh8 19. d6 Nc6 20. Ng5 Nxe7 21. Nxf7+ Kxh7 22. Qh5+ Kg8 23. e6 Ng6 24. Qxg6 Nf6 25. Nh6+ Kh8 26. Qxe8+ Nxe8 27. d7 Bxd7 28. exd7 Nf6 29.
Rad1 gxh6 0-1

[Event "Live Chess"]
[Site "Chess.com"]
[Date "2023.05.21"]
[Round "-"]
[White "chessfiction"]
[Black "matt1979"]
[Result "1-0"]
[WhiteElo "2364"]
[BlackElo "1493"]
[TimeControl "300"]
[EndTime "21:21:09 PDT"]
[Termination "chessfiction won by resignation"]

1. e4 d6 2. Bc4 Nf6 3. Nc3 Nbd7 4. f4 e5 5. Nf3 c6 6. O-O Be7 7. d4 O-O 8. Kh1 exd4 9. Nxd4 Qc7 10. Nf5 Re8 11. Qf3 Nb6 12. Bb3 Bxf5 13. exf5 d5 14. g4 Bd6 15. g5 Nfd7 16. Rg1 Bc5 17. Rf1 Re3 18. Bxe3 1-0

[Event "Live Chess"]
[Site "Chess.com"]
[Date "2023.05.21"]
[Round "-"]
[White "Biranidun"]
[Black "Tushinskiy"]
[Result "1-0"]
[WhiteElo "2536"]
[BlackElo "2212"]
[TimeControl "300"]
[EndTime "21:21:29 PDT"]
[Termination "Biranidun won by resignation"]

1. e4 e5 2. Nf3 d6 3. h3 c6 4. Nc3 Nf6 5. d4 Qc7 6. a4 Be7 7. Bc4 Nbd7 8. O-O O-O 9. Re1 a6 10. a5 h6 11. Be3 Re8 12. Nh4 Nf8 13. dxe5 dxe5 14. Nf5 Bxf5 15. exf5 Rad8 16. Qf3 Qc8 17. Bb6 Rd7 18. Rxe5 Bb4 19. Rae1 Rxe5 20. Rxe5 Bxc3 21. Qxc3 Rd1+ 22. Kh2 Qb8 23. g3 N8d7 24. Re7 Nxb6 25. axb6 Rd7 26. Bxf7+ Kf8 27. Rxd7 Nxd7 28. Be6 Nf6 29.
Qc5+ Ke8 30. Kg2 h5 31. b4 h4 32. Qe3 hxg3 33. Bb3+ Kd8 34. Qd4+ Ke8 35. fxg3 Qd8 36. Qxd8+ Kxd8 37. c4 Ke7 38. c5 Ne4 39. Bc4 Kf6 40. Bxa6 1-0

[Event "Live Chess"]
[Site "Chess.com"]
[Date "2023.05.21"]
[Round "-"]
[White "KeithArkell"]
[Black "ExIsambard"]
[Result "1-0"]
[WhiteElo "2556"]
[BlackElo "1918"]
[TimeControl "300"]
[EndTime "21:21:42 PDT"]
[Termination "KeithArkell won by checkmate"]

1. d4 Nf6 2. Nf3 d5 3. c4 c6 4.
Nc3 e6 5. cxd5 cxd5 6. Bg5 Be7 7. e3 a6 8. Bd3 h6 9. Bxf6 Bxf6 10. Rc1 Bd7 11. O-O O-O 12. Bb1 g6 13. Re1 Kg7 14. e4 dxe4 15. Nxe4 Be7 16. Ne5 Nc6 17. Nc5 Be8 18.
Nxc6 Bxc6 19. Qg4 Bxc5 20. Rxe6 Qxd4 21. Rxg6+ Kh8 22. Rxh6# 1-0

[Event "Live Chess"]
[Site "Chess.com"]
[Date "2023.05.21"]
[Round "-"]
[White "Ayush_prahlad_Gupta"]
[Black "chessfiction"]
[Result "0-1"]
[WhiteElo "1773"]
[BlackElo "2365"]
[TimeControl "300"]
[EndTime "21:24:38 PDT"]
[Termination "chessfiction won by checkmate"]

1. e4 d5 2. exd5 c6 3. Nc3 Nf6 4. d4 cxd5 5. Nf3 Nc6 6. Be3 Bg4 7. Bd3 e6 8. h3 Bh5 9. g4 Bg6 10. Bxg6 hxg6 11. Ne5 Bb4 12. a3 Bxc3+ 13. bxc3 Qa5 14.
Qd3 Ne4 15. Bd2 Nxe5 16. dxe5 Qc5 17. O-O O-O-O 18. Kg2 Rh7 19. f3 Nxd2 20. Qxd2 Rdh8 21. Rh1 Qc4 22. Rab1 b6 23. Kg3 g5 24. Qxg5 Qxc3 25. Qe7 Qxe5+ 26. Kf2 Rxh3 27. Qxa7 Qd4+ 28. Kg2 Qd2+ 29. Kf1 Rxh1# 0-1

[Event "Live Chess"]
[Site "Chess.com"]
[Date "2023.05.21"]
[Round "-"]
[White "Doge_Dandolo"]
[Black "Bakunian2022"]
[Result "1-0"]
[WhiteElo "1930"]
[BlackElo "761"]
[TimeControl "300"]
[EndTime "21:24:55 PDT"]
[Termination "Doge_Dandolo won by resignation"]

1. Nf3 d5 2. c4 c6 3. g3 Nf6 4.
Bg2 dxc4 5. a4 Bg4 6. Ne5 e6 7. O-O Bf5 8. Na3 Bxa3 9. Rxa3 O-O 10. Nxc4 a6 11. d3 Nbd7 12. Bf4 b5 13. axb5 axb5 14.
Rxa8 Qxa8 15. Nd6 Nd5 16. Nxf5 exf5 17. Bd2 Qa2 18. Qc2 Re8 19. Bf3 h6 20. Rc1 Rc8 21.
b3 Qxc2 22. Rxc2 g5 23. Bxd5 Ra8 24. Bxc6 Ra1+ 25. Kg2 Ne5 26. Bxb5 1-0